[Event "GrandPrix_29.05"]
[Site "Chess.com"]
[Date "2020.05.29"]
[Round "3"]
[White "KruHor"]
[Black "Andrei_Belozerov"]
[Result "0-1"]
[WhiteElo "2522"]
[BlackElo "2672"]
[TimeControl "600+2"]
[EndTime "10:26:11 PDT"]
[Termination "Andrei_Belozerov won by resignation"]

1. d4 d5 2. Nf3 Nf6 3. Bg5 Ne4 4. Bh4 c5 5. dxc5 Nc6 6. e3 g6 7.
Nbd2 Nxc5 8. Nb3 Ne4 9. Bd3 Bg7 10. Bxe4 dxe4 11. Qxd8+ Nxd8 12. Nfd4 Ne6 13. O-O-O Nxd4 14. Nxd4 Bd7 15. Rd2 f6 16. Ne2 O-O-O 17. Nc3 Bc6 18.
Rhd1 Rxd2 19. Rxd2 Rd8 20. Bg3 e5 21. Ne2 Bf8 22. Rxd8+ Kxd8 23. Kd2 Kd7 24. c4 b5 25. cxb5 Bxb5 26. Nc3 Bc6 27. a3 a5 28. Ke2 Ke6 29. f3 exf3+ 30. gxf3 f5 31. f4 exf4 32. Bxf4 Be7 33. Bc7 a4 34. Kf2 g5 35. Bb8 h5 36.
Ne2 Bf6 37. Nc3 h4 38. Bc7 Kf7 39. Bb6 Kg6 40. Bd4 Bxd4 41. exd4 Kf6 42. Ne2 Ke6 43. Nc3 Kd6 44. Na2 f4 45. Nb4 g4 46. Nd3 g3+ 47. Kg1 f3 48. hxg3 hxg3 0-1

[Event "GrandPrix_29.05"]
[Site "Chess.com"]
[Date "2020.05.29"]
[Round "3"]
[White "OK97"]
[Black "Durarbayli"]
[Result "1-0"]
[WhiteElo "2719"]
[BlackElo "2554"]
[TimeControl "600+2"]
[EndTime "10:26:28 PDT"]
[Termination "OK97 won by resignation"]

1. e4 e5 2. Nf3 Nc6 3. Bb5 a6 4. Ba4 Nge7 5. c3 g6 6. d4 exd4 7. cxd4 b5 8. Bb3 Bg7 9. O-O d6 10. Nc3 Na5 11. Bc2 O-O 12. h3 c5 13. dxc5 dxc5 14.
Be3 Qc7 15. Qc1 Be6 16. Bf4 Qb7 17. e5 Bf5 18. Re1 Bxc2 19. Qxc2 Nd5 20. Nxd5 Qxd5 21. Red1 Qc4 22. Qd2 Nc6 23. Qe3 Nb4 24.
b3 Qc2 25. a3 Nc6 26. Rac1 Qb2 27. Rxc5 Na5 28. Rd3 Qxa3 29. e6 fxe6 30. Rc7 Qa1+ 31. Kh2 Rad8 32. Qxe6+ Kh8 33. Rxd8 Rxd8 34. Rxg7 Qxg7 35.
Be5 1-0

[Event "GrandPrix_29.05"]
[Site "Chess.com"]
[Date "2020.05.29"]
[Round "3"]
[White "AlexPapasimakopoulos"]
[Black "Tormoz"]
[Result "1-0"]
[WhiteElo "2308"]
[BlackElo "2466"]
[TimeControl "600+2"]
[EndTime "10:26:30 PDT"]
[Termination "AlexPapasimakopoulos won by resignation"]

1. d4 d5 2. c4 e6 3. Nc3 Nf6 4. cxd5 exd5 5. Bg5 c6 6. e3 Bf5 7. Qf3 Bg6 8. Bxf6 Qxf6 9. Qxf6 gxf6 10. Nf3 Nd7 11.
Kd2 Nb6 12. g3 Bb4 13. a3 Be7 14. Bd3 O-O-O 15. b3 Kb8 16. Nh4 Nc8 17. Nf5 Rhe8 18. h4 Nd6 19. Nxd6 Bxd6 20. h5 Bxd3 21. Kxd3 h6 22. b4 Rg8 23. Rab1 Kc7 24. a4 Be7 25. Rhc1 Rg5 26. Rh1 a5 27. b5 c5 28. dxc5 Bxc5 29.
Rbc1 Kb6 30. Ne2 Rg4 31. Nf4 f5 32. Rhd1 d4 33. Ke2 Rgg8 34. exd4 Rge8+ 35. Kf3 Bxd4 36. Rc4 Re4 37. g4 Be5 38. Rxd8 Rxc4 39. Nd5+ Kc5 40.
Ne3 fxg4+ 41. Ke2 Rd4 42. Rc8+ Kb4 43. Nc2+ Kb3 44. Nxd4+ Bxd4 45. Rd8 Bc5 46. Rd5 Bb4 47. b6 Kxa4 48. Rd7 Kb5 49. Rxb7 a4 50. Rb8 Bc5 51. b7 1-0

[Event "GrandPrix_29.05"]
[Site "Chess.com"]
[Date "2020.05.29"]
[Round "3"]
[White "Olga_Girya"]
[Black "kostasam18"]
[Result "1-0"]
[WhiteElo "2309"]
[BlackElo "2062"]
[TimeControl "600+2"]
[EndTime "10:26:37 PDT"]
[Termination "Olga_Girya won by resignation"]

1. d4 Nf6 2. Nf3 d5 3. c4 e6 4. Nc3 dxc4 5. e3 a6 6. Bxc4 b5 7. Be2 Bb7 8. O-O Nbd7 9. a4 b4 10. Nb1 c5 11. b3 Be7 12. Bb2 O-O 13. Nbd2 a5 14. Rc1 Rc8 15. Nc4 cxd4 16. Bxd4 Nc5 17.
Bxc5 Rxc5 18. Qxd8 Rxd8 19. Nfe5 Nd7 20. Nxd7 Rxd7 21.
Rfd1 Rd8 22. Rxd8+ Bxd8 23. Rd1 Rd5 24. Rxd5 Bxd5 25.
Nd2 Kf8 26. Bf3 Bxf3 27. Nxf3 Ke7 28. Kf1 Kd6 29. Ke2 f5 30. Kd3 Kd5 31. Nd2 g6 32.
e4+ fxe4+ 33. Nxe4 e5 34. f3 h5 35. Nd2 Bg5 36. Nc4 Bd8 37. Ne3+ Ke6 38. Ke4 g5 39. Nc4 Bc7 40. g4 hxg4 41. fxg4 Bd8 42. Nxe5 Bc7 43. Nc4 Bxh2 44. Nxa5 Kd6 45. Nb7+ Kc6 46. Nd8+ Kc5 47. Ne6+ Kb6 48. Nxg5 Kc5 49. Nf3 Bd6 50. g5 Bf8 51. g6 Bg7 52. Nh4 1-0

[Event "GrandPrix_29.05"]
[Site "Chess.com"]
[Date "2020.05.29"]
[Round "3"]
[White "iceboy88"]
[Black "Valeriy_Neverov"]
[Result "0-1"]
[WhiteElo "2519"]
[BlackElo "2596"]
[TimeControl "600+2"]
[EndTime "10:26:38 PDT"]
[Termination "Valeriy_Neverov won on time"]

1. Nf3 Nf6 2. c4 e6 3. Nc3 d5 4. d4 Be7 5. Bf4 O-O 6. Rc1 c6 7. e3 b6 8. cxd5 Nxd5 9. Bd3 Nxf4 10. exf4 Ba6 11. O-O Bxd3 12. Qxd3 Nd7 13. Rfd1 Rc8 14. Qa6 Rc7 15. a3 Qb8 16. g3 Rd8 17. h4 h6 18.
b4 b5 19. Ne4 Qb6 20. Qxb6 axb6 21. d5 exd5 22. Nc3 Rcc8 23. Nd4 Bf6 24. Nce2 c5 25. Nxb5 d4 26. Nd6 Ra8 27. Nc4 Rdc8 28. b5 Ra4 29. Rc2 Rb8 30. Nc1 Nf8 31. Nd3 Ne6 32. h5 Nc7 33.
Rb1 Nd5 34. Kg2 Nc3 35. Rbb2 Rxc4 0-1

[Event "GrandPrix_29.05"]
[Site "Chess.com"]
[Date "2020.05.29"]
[Round "3"]
[White "DariaVoit"]
[Black "Igrok3069"]
[Result "0-1"]
[WhiteElo "2236"]
[BlackElo "2569"]
[TimeControl "600+2"]
[EndTime "10:26:39 PDT"]
[Termination "Igrok3069 won by resignation"]

1. d4 d5 2. c4 c6 3. Nf3 Nf6 4. e3 Bg4 5. h3 Bh5 6. g4 Bg6 7.
Ne5 e6 8. Bg2 Nbd7 9. Nxg6 hxg6 10. Nd2 g5 11. O-O Bd6 12. Re1 Nf8 13. e4 dxe4 14.
Nxe4 Nxe4 15. Rxe4 Ng6 16. d5 O-O 17. Be3 exd5 18.
cxd5 c5 19. Qd2 Nf4 20. Bxf4 Bxf4 21. Qd3 Qf6 22. Qc3 Bd6 23. Qxf6 gxf6 24. Rc1 Rfd8 25.
Re2 b5 26. Be4 c4 27. b3 cxb3 28. axb3 a5 29. Kg2 a4 30. bxa4 bxa4 31. Bb1 a3 32. Ba2 Rab8 33. Rcc2 Kg7 34. Kf3 Rb4 35. Kg2 Rdb8 36. Kf3 Rd4 37. Rcd2 Rf4+ 38. Kg2 f5 39.
gxf5 Rxf5 40. Re4 Rf4 41. Rxf4 Bxf4 42. Rd3 Bd6 43. Rb3 Rd8 44. Rb7 Kf6 45. Kf3 Rc8 46.
Ke4 Rc2 47. Rb6 Ke7 48. Rb7+ Kf8 49. Rb6 Ke7 50. Rb7+ Kd8 51. Rb6 Bc7 52. Bb1 Bxb6 53. Bxc2 a2 0-1

[Event "GrandPrix_29.05"]
[Site "Chess.com"]
[Date "2020.05.29"]
[Round "3"]
[White "LorisinoC"]
[Black "guylevin1"]
[Result "1/2-1/2"]
[WhiteElo "2177"]
[BlackElo "2115"]
[TimeControl "600+2"]
[EndTime "10:26:47 PDT"]
[Termination "Game drawn by repetition"]

1. e4 c5 2. Nf3 d6 3. Bb5+ Bd7 4. Bxd7+ Nxd7 5. c3 Ngf6 6. Qe2 e6 7. O-O Be7 8.
Rd1 O-O 9. d4 Rc8 10. e5 Ne8 11. Bf4 cxd4 12. cxd4 dxe5 13. dxe5 Nc7 14. Nc3 Qe8 15.
Rd2 Nb6 16. Rad1 Ncd5 17. Nxd5 Nxd5 18. Qe4 b5 19. a3 Rc4 20. Rd4 Rxd4 21. Qxd4 Qc8 22.
Rc1 Qb7 23. Be3 a6 24. h3 Rc8 25. Rxc8+ Qxc8 26. b4 h6 27. Qd3 Qc7 28. Bd2 Nb6 29. Be3 Nc4 30. Qc3 Qc6 31. Nd2 Na5 32. Qxc6 Nxc6 33. Nf3 Kf8 34. Bc1 Ke8 35. Kf1 h5 36. Ke2 Kd7 37. g4 hxg4 38. hxg4 Bd8 39. Kd3 Bb6 40. Be3 Bc7 41. Ke4 Ne7 42. Nd2 a5 43. Nb3 axb4 44. axb4 Nc6 45. Nc5+ Kc8 46. Nd3 Ne7 47. Bc5 Nd5 48. f4 Kd7 49. f5 g6 50.
fxg6 fxg6 51. Bd4 Bd8 52. Nc5+ Ke7 53. Bf2 Kf7 54. Nb7 Be7 55. Nd6+ Bxd6 56. exd6 Nf6+ 57.
Kd4 Nd7 58. Bh4 Kg7 59. Bg5 Kf7 60. Bh4 Kg7 61. Bd8 Kf7 62. Bg5 Kg7 63. Bd8 Kf7 64. Bg5 Kg7 65. Bd8 1/2-1/2

[Event "GrandPrix_29.05"]
[Site "Chess.com"]
[Date "2020.05.29"]
[Round "3"]
[White "Happy1712Drummer"]
[Black "gygygygygyggygygygy"]
[Result "1-0"]
[WhiteElo "2205"]
[BlackElo "2022"]
[TimeControl "600+2"]
[EndTime "10:26:48 PDT"]
[Termination "Happy1712Drummer won by resignation"]

1. d4 Nf6 2. c4 e6 3. g3 d6 4. Bg2 Nbd7 5. Nc3 Be7 6. e4 O-O 7.
Nge2 c5 8. d5 Ne5 9. b3 exd5 10.
exd5 Bf5 11. O-O a6 12. h3 Bg6 13. f4 Nd3 14. f5 Nxc1 15. Rxc1 Bh5 16. g4 Nxg4 17. hxg4 Bxg4 18. Qd3 Bg5 19. Rce1 Bh4 20. Ng3 Re8 21. Nce4 Re5 22. Qe3 Qe7 23. f6 gxf6 24.
Qf4 f5 25. Bf3 Bxg3 26. Qxg3 fxe4 27. Bxg4 Rg5 28. Qh4 h6 29. Kh1 Kg7 30. Bh5 Kh8 31. Rxe4 Rxh5 32. Qxh5 Qxe4+ 33. Kh2 Qg6 34. Qxg6 fxg6 35.
Rf6 Rd8 36. Rxg6 Kh7 37. Re6 Rd7 38. Kh3 b5 39. Kh4 bxc4 40. bxc4 Rb7 41. Rxd6 Rb4 42. Kh5 Rxc4 43. Rxa6 Rd4 44. Ra7+ Kg8 45. Rd7 c4 46. Kg6 Rg4+ 47. Kf6 h5 48. d6 h4 49. Rc7 Rd4 50.
d7 Rd6+ 51. Ke5 Rd1 52. Rc8+ Kf7 53. d8=Q Rxd8 54. Rxd8 1-0

[Event "GrandPrix_29.05"]
[Site "Chess.com"]
[Date "2020.05.29"]
[Round "3"]
[White "RitvarsReimanis"]
[Black "TheFireChess"]
[Result "1-0"]
[WhiteElo "2107"]
[BlackElo "2203"]
[TimeControl "600+2"]
[EndTime "10:26:53 PDT"]
[Termination "RitvarsReimanis won on time"]

1. d4 d6 2. Nf3 f5 3. Nc3 Nf6 4. Bg5 Nbd7 5. e3 g6 6. Bc4 Bg7 7. h4 h6 8. Bf4 c6 9. a4 Ne4 10.
Nxe4 fxe4 11. Nd2 d5 12. Be2 O-O 13. f3 exf3 14. Nxf3 Qe8 15. Qd3 e5 16. dxe5 Nc5 17. Qa3 Ne4 18. Bd3 Bg4 19. Rf1 Rf7 20. O-O-O Bf8 21. Qa2 Kh7 22. Rde1 Bb4 23. c3 Bf8 24. Bxe4 dxe4 25. Nd2 Be6 26. Qb1 Bf5 27. Nxe4 Qe6 28. g4 Bxg4 29. Nf6+ Rxf6 30. exf6 b5 31. Rg1 bxa4 32.
Qc2 a3 33. b4 a2 34. Kb2 a5 35. Qb3 Qxb3+ 36. Kxb3 axb4 37. c4 Be6 38. Rc1 Ra3+ 39.
Kb2 c5 40. Rg2 Kg8 41. Rxg6+ Kf7 42. Rgg1 Kxf6 43. e4 Ke7 44. Be5 Re3 45. Kxa2 Rxe4 46. Rge1 Rxh4 47. Kb3 Rh3+ 48. Ka4 Bd7+ 49. Ka5 Kd8 50.
Kb6 Rd3 51. Ra1 Be6 52. Bf6+ 1-0

[Event "GrandPrix_29.05"]
[Site "Chess.com"]
[Date "2020.05.29"]
[Round "3"]
[White "GM_RobertoMogranzini"]
[Black "chess_big_master"]
[Result "1-0"]
[WhiteElo "1855"]
[BlackElo "2035"]
[TimeControl "600+2"]
[EndTime "10:26:53 PDT"]
[Termination "GM_RobertoMogranzini won by resignation"]

1. c4 e6 2. g3 d5 3. Bg2 Nf6 4.
Nf3 c6 5. b3 Be7 6. O-O O-O 7. Bb2 Nbd7 8. d3 a5 9. a3 Qb6 10. Nbd2 Nc5 11. Qc2 Nfd7 12. d4 Na6 13. c5 Qc7 14. e4 b6 15. cxb6 Qxb6 16. h4 h6 17. Rfc1 Bb7 18. exd5 cxd5 19. Qd3 Rac8 20.
Bf1 Nc7 21. Qe3 Ba6 22. Bh3 Nb5 23. a4 Na7 24. g4 Nf6 25. g5 hxg5 26. hxg5 Ne4 27.
Nxe4 dxe4 28. Ne5 Qd8 29. g6 f5 30. Bf1 Bxf1 31. Kxf1 Bh4 32. Qh3 Qg5 33. Rc4 Rxc4 34. bxc4 Rc8 35. Bc1 Qh5 36. Rb1 Kf8 37. Bf4 Ke8 38.
Bg3 e3 39. Qxh4 e2+ 40. Ke1 Qxh4 41. Bxh4 Nc6 42. Nxc6 Rxc6 43. Rc1 e5 44. d5 Rf6 45. Bxf6 1-0

[Event "GrandPrix_29.05"]
[Site "Chess.com"]
[Date "2020.05.29"]
[Round "3"]
[White "BakaPG"]
[Black "Martin_Petrov2000"]
[Result "1/2-1/2"]
[WhiteElo "2140"]
[BlackElo "2235"]
[TimeControl "600+2"]
[EndTime "10:26:58 PDT"]
[Termination "Game drawn by repetition"]

1. e4 c5 2. Nf3 d6 3. d4 cxd4 4. Nxd4 Nf6 5. Nc3 a6 6. Be3 e5 7.
Nb3 Be7 8. f3 O-O 9. Qd2 Be6 10.
O-O-O Nbd7 11. g3 b5 12. Bd3 Nb6 13. Kb1 b4 14. Ne2 a5 15. Nbc1 d5 16. h3 dxe4 17. Bxb6 Qxb6 18. Bxe4 Rac8 19. g4 Rfd8 20. Nd3 a4 21.
Rc1 Qb5 22. Qe3 b3 23. Nc3 Rxc3 24. bxc3 bxa2+ 25. Ka1 Ba3 26. Nb4 Rb8 27. Qd2 Nxe4 28. fxe4 Bxc1 29. Rxc1 h6 30. Rg1 Qc5 31. Rg3 Qc4 32.
Qd3 Qc5 33. Qd2 Qb6 34. Rd3 Qg1+ 35. Qd1 Qg2 36. Re3 Kh7 37. Qe2 Rd8 38. Nd5 Qg1+ 39. Kxa2 Bxd5+ 40. exd5 Rxd5 41. Rd3 Rxd3 42. Qxd3+ g6 43.
Qc4 Kg7 44. Qxa4 Qe3 45. Qc4 Qxh3 46. Kb2 Qf3 47. Qc5 Qf6 48. c4 e4+ 49. Kc1 Qc3 50. Kd1 e3 51. Qd5 h5 52. gxh5 gxh5 53. Qg5+ Kf8 54.
Qd8+ Kg7 55. Qg5+ Kh7 56. Qxh5+ Kg8 57. Qg5+ Kf8 58. Qd8+ Kg7 59. Qg5+ Kh7 60. Qh5+ Kg8 61. Qg5+ Kf8 62. Qd8+ Kg7 63. Qg5+ Kh7 64. Qh5+ 1/2-1/2

[Event "GrandPrix_29.05"]
[Site "Chess.com"]
[Date "2020.05.29"]
[Round "3"]
[White "rfhfb"]
[Black "Batica1984"]
[Result "0-1"]
[WhiteElo "2163"]
[BlackElo "2213"]
[TimeControl "600+2"]
[EndTime "10:27:02 PDT"]
[Termination "Batica1984 won by resignation"]

1. d4 Nf6 2. c4 c5 3. d5 b5 4. cxb5 a6 5. bxa6 g6 6. Nc3 Bxa6 7. e4 d6 8. Bxa6 Nxa6 9. Nge2 Bg7 10. O-O O-O 11. f3 Qb6 12. Kh1 Nd7 13. Rb1 Nc7 14. Bg5 Rfb8 15. b3 Qa6 16. Qc2 Ne5 17. h3 h6 18. Bxe7 Nd3 19. Qd2 Nb4 20. a4 f6 21. Qf4 Ne8 22. Qg4 Rb7 23. Qe6+ Kh7 24.
Nb5 Nd3 25. Rbd1 c4 26. Rxd3 cxd3 27. Nf4 d2 28. Rd1 Rxb5 29. Qf7 Rb7 30. Nxg6 Nc7 31. Bxf6 Nxd5 32. Qxd5 Bxf6 33. Nf4 Be5 34. Qxd2 Rg8 35.
Nd5 Rbg7 36. Rg1 Qa7 37. f4 Bd4 38. Rf1 Rxg2 39. Qxg2 Rxg2 40. Kxg2 Qc5 41. Rf3 Qc2+ 42.
Kg3 Qxe4 43. Nc7 Qe1+ 44. Kg4 Qe2 45. Nd5 h5+ 46. Kg3 Qe1+ 0-1

[Event "GrandPrix_29.05"]
[Site "Chess.com"]
[Date "2020.05.29"]
[Round "3"]
[White "ulkaf961"]
[Black "Natalya_Buksa"]
[Result "0-1"]
[WhiteElo "1863"]
[BlackElo "2151"]
[TimeControl "600+2"]
[EndTime "10:27:03 PDT"]
[Termination "Natalya_Buksa won by resignation"]

1. b3 e5 2. Bb2 Nc6 3. g3 g6 4. Bg2 Bg7 5. e3 Nge7 6. Ne2 O-O 7. O-O d6 8. Nbc3 Be6 9. f4 f5 10. d3 Qd7 11. e4 fxe4 12. Nxe4 Bh3 13. Qd2 Bxg2 14.
Kxg2 Nf5 15. Kh1 Rae8 16. fxe5 Nxe5 17. Nf4 b6 18. c4 Ng4 19. Rae1 Nd4 20. Qg2 Be5 21.
Ng5 c6 22. Re4 Nf5 23. Rfe1 Nfe3 24. R4xe3 Nxe3 25. Rxe3 Bxf4 26. Rxe8 Qxe8 27. Ne4 Be5 28. d4 Bg7 29. h3 Qe6 30. d5 cxd5 31. cxd5 Qe7 32.
Bxg7 Kxg7 33. Qb2+ Qe5 34. Qc2 Re8 35. Qc7+ Re7 36.
Qxd6 Qxe4+ 0-1

[Event "GrandPrix_29.05"]
[Site "Chess.com"]
[Date "2020.05.29"]
[Round "3"]
[White "bsnsun"]
[Black "eljanov"]
[Result "0-1"]
[WhiteElo "2116"]
[BlackElo "2504"]
[TimeControl "600+2"]
[EndTime "10:27:07 PDT"]
[Termination "eljanov won by resignation"]

1. Nf3 d5 2. g3 Nf6 3. Bg2 c5 4. O-O e6 5. d4 cxd4 6. Nxd4 e5 7. Nb3 Be6 8. Bg5 Nbd7 9. c4 dxc4 10. N3d2 Be7 11.
Bxb7 Rb8 12. Ba6 Qb6 13. Bxc4 Qxb2 14. Bxf6 gxf6 15. Bxe6 fxe6 16. Nb3 Nb6 17. N1d2 O-O 18. e3 f5 19. e4 Kh8 20. Qf3 Rbc8 21. Rfe1 Bb4 22.
Reb1 Qa3 23. Rd1 a5 24. exf5 a4 25. Nc1 exf5 26. Rb1 Nd7 27. Ne2 e4 28. Qxa3 Bxa3 29. Nxe4 Ne5 30. Rd7 Nxd7 31. Ng5 h6 32. Ne6 Rf6 33.
N2f4 Bd6 34. Rb7 Nc5 0-1

[Event "GrandPrix_29.05"]
[Site "Chess.com"]
[Date "2020.05.29"]
[Round "3"]
[White "v-kazakouski"]
[Black "Kiril1965"]
[Result "0-1"]
[WhiteElo "2390"]
[BlackElo "2540"]
[TimeControl "600+2"]
[EndTime "10:27:08 PDT"]
[Termination "Kiril1965 won by resignation"]

1. d4 Nf6 2. Nf3 e6 3. c4 b6 4.
g3 Ba6 5. Qb3 Nc6 6. Nbd2 Na5 7.
Qc3 c5 8. dxc5 bxc5 9. e4 Bb7 10. e5 Ne4 11. Nxe4 Bxe4 12. Bg2 Be7 13. O-O O-O 14.
Qe3 Bc6 15. b3 Nb7 16. Bb2 a5 17. a4 Qb6 18. Rad1 Rfd8 19. Rd3 d5 20. exd6 Nxd6 21. Ne5 Nf5 22. Qe2 Bxg2 23. Kxg2 Rxd3 24. Qxd3 Rb8 25. Rd1 f6 26. Nd7 Qc6+ 27. Kh3 Rd8 28.
Bc3 Nd6 29. Nxf6+ gxf6 30. Bxa5 Ra8 31. Bc3 Ne4 32. Qe3 Rb8 33. Ba1 Ng5+ 34. Kh4 Kf7 35. Rd3 Qe4+ 36. Qxe4 Nxe4 37. f4 f5+ 38. Kh5 Rb7 39.
Be5 Nf2 40. Rf3 Ng4 41. h3 Nf6+ 42. Kh6 Bf8+ 43. Kg5 h6+ 44. Kh4 Be7 45. Rd3 Kg6 46.
g4 Ne4+ 0-1

[Event "GrandPrix_29.05"]
[Site "Chess.com"]
[Date "2020.05.29"]
[Round "3"]
[White "EvgenyRomanov"]
[Black "Khvicha_Supatashvili"]
[Result "0-1"]
[WhiteElo "1799"]
[BlackElo "1940"]
[TimeControl "600+2"]
[EndTime "10:27:10 PDT"]
[Termination "Khvicha_Supatashvili won by resignation"]

1. e4 c5 2. Nf3 Nc6 3. Bb5 g6 4. Bxc6 bxc6 5. O-O Bg7 6. Re1 Qc7 7. c3 d6 8. h3 Nf6 9. d4 cxd4 10. cxd4 O-O 11.
Nc3 c5 12. e5 dxe5 13. dxe5 Rd8 14. Qa4 Nh5 15. g4 Bb7 16. Ne4 f5 17. Neg5 fxg4 18.
hxg4 Qc8 19. Be3 Rd4 20. Bxd4 Qxg4+ 21. Kf1 Nf4 22. Re3 cxd4 23. Qxd4 Ba6+ 24. Ke1 Ng2+ 25.
Kd2 Nxe3 26. Kxe3 Qxd4+ 27. Kxd4 Rf8 28. Ke3 Bb7 29. Nd4 Bxe5 30. Nge6 Rc8 31. f4 Bf6 32. Rd1 h5 33. Rg1 Kf7 34. Ng5+ Bxg5 35. Rxg5 h4 36. f5 gxf5 37. Rxf5+ Kg6 38. Rf2 h3 39. Ne6 Rh8 40. Rh2 Kf5 41. Nf4 Kg4 42. Ng6 Rh5 43. Nf4 Re5+ 44.
Kd4 Re4+ 45. Kc5 Rxf4 0-1

[Event "GrandPrix_29.05"]
[Site "Chess.com"]
[Date "2020.05.29"]
[Round "3"]
[White "SpasKozhuharov"]
[Black "Kezin_Roman"]
[Result "0-1"]
[WhiteElo "2228"]
[BlackElo "2647"]
[TimeControl "600+2"]
[EndTime "10:27:12 PDT"]
[Termination "Kezin_Roman won by resignation"]

1. c4 e6 2. Nc3 d5 3. d4 c6 4. Nf3 Nf6 5. e3 Nbd7 6. Qc2 Bd6 7. g4 dxc4 8. g5 Nd5 9. Bxc4 b5 10. Be2 Bb7 11. Ne4 Be7 12. Bd2 Nb4 13. Qb3 a5 14.
a3 a4 15. Qd1 Na6 16. Rc1 O-O 17. h4 c5 18. Nxc5 Naxc5 19. dxc5 Nxc5 20. Kf1 Nb3 21. Bc3 Nxc1 22. Qxc1 Rc8 23. Qe1 Be4 24. Rh3 Qd5 25. Kg1 Qf5 26. Rg3 Bd6 27. Nd4 Qd5 28. Rg4 Rb8 29. f3 Bg6 30. Qf2 e5 31. e4 Qc5 32.
Nf5 Qxf2+ 33. Kxf2 Bc5+ 34. Ke1 Rfe8 35. Ng3 b4 36.
axb4 Bxb4 37. h5 a3 38. hxg6 axb2 39. gxf7+ Kxf7 40. Bc4+ Kg6 0-1

[Event "GrandPrix_29.05"]
[Site "Chess.com"]
[Date "2020.05.29"]
[Round "3"]
[White "JonahWillow"]
[Black "ebret"]
[Result "1-0"]
[WhiteElo "2275"]
[BlackElo "2089"]
[TimeControl "600+2"]
[EndTime "10:27:13 PDT"]
[Termination "JonahWillow won by resignation"]

1. e4 e5 2. Nf3 Nc6 3. Nc3 Nf6 4. Bb5 Bc5 5. O-O O-O 6. Nxe5 Nxe5 7. d4 Bd6 8. f4 Nc6 9. e5 Be7 10. d5 Bc5+ 11. Kh1 Nxd5 12. Qxd5 d6 13. Ne4 Be6 14. Qd1 Nd4 15. Bd3 Qd7 16. c3 Nf5 17. Qh5 Bb6 18. g4 dxe5 19. Bc2 Nh6 20. f5 Bd5 21. Bxh6 Qc6 22.
Rae1 Qxh6 23. Qxh6 gxh6 24. f6 Rfe8 25. Kg2 Re6 26. Kg3 Bxe4 27. Bxe4 c6 28. h4 Rd8 29. Re2 Red6 30. Rf5 Bc7 31. Rh5 Rxf6 32. g5 hxg5 33. hxg5 Rfd6 34. Rxh7 Rd2 35. Rxd2 Rxd2 36. g6 Rd7 37.
Kg4 Bd8 38. Bf5 Re7 39. g7 Bb6 40. Kg5 f6+ 41. Kg6 1-0

[Event "GrandPrix_29.05"]
[Site "Chess.com"]
[Date "2020.05.29"]
[Round "3"]
[White "Bacyanide"]
[Black "VerdeNotte"]
[Result "0-1"]
[WhiteElo "2281"]
[BlackElo "2671"]
[TimeControl "600+2"]
[EndTime "10:27:14 PDT"]
[Termination "VerdeNotte won by resignation"]

1. d4 Nf6 2. Nf3 g6 3. c4 Bg7 4.
Nc3 O-O 5. e4 d6 6. Be2 Nbd7 7.
O-O e6 8. h3 b6 9. Be3 Bb7 10. d5 e5 11. b4 a5 12. a3 Nh5 13.
Re1 f5 14. Ng5 f4 15. Ne6 fxe3 16. fxe3 Qh4 17. Bxh5 axb4 18. axb4 Rxa1 19. Qxa1 Ra8 20. Qc1 gxh5 21. Nxc7 Rf8 22. Ne6 Rf2 23. Rf1 Rxf1+ 24.
Qxf1 Qg3 25. Nb5 Qxe3+ 26. Kh1 Nf6 27. Nxd6 Qd2 28. Qf5 Ba8 29. Nxg7 Kxg7 30. Qxe5 Kg6 31. c5 bxc5 32. bxc5 Qe1+ 33. Kh2 Qh4 34. Qg3+ Ng4+ 35. Qxg4+ hxg4 36. Nf5 g3+ 37. Kh1 Qf4 0-1

[Event "GrandPrix_29.05"]
[Site "Chess.com"]
[Date "2020.05.29"]
[Round "3"]
[White "Kobalia"]
[Black "MilosJi"]
[Result "1-0"]
[WhiteElo "2232"]
[BlackElo "2200"]
[TimeControl "600+2"]
[EndTime "10:27:14 PDT"]
[Termination "Kobalia won by resignation"]

1. e4 d5 2. exd5 Qxd5 3. Nc3 Qd6 4. d4 Nf6 5. Nf3 c6 6. Bc4 Be6 7. Qe2 Bxc4 8. Qxc4 e6 9. Bg5 Nbd7 10. O-O Qb4 11. Qd3 Be7 12. Ne5 Rd8 13. a3 Qa5 14. f4 O-O 15. b4 Qc7 16. Ne4 Rfe8 17. Nxf6+ Nxf6 18. Kh1 g6 19. Rae1 a5 20. c3 Nd5 21.
Bxe7 Rxe7 22. Qg3 Ree8 23. h3 Ra8 24. f5 exf5 25. Rxf5 f6 26. c4 fxe5 27. cxd5 cxd5 28. Rfxe5 Rxe5 29. Rxe5 Qf7 30. bxa5 Rxa5 31. Qe1 Ra8 32. Re7 Qf6 33. Rxb7 Rf8 34. Qe3 h5 35. a4 h4 36. a5 Ra8 37. Qh6 Re8 38. Rb1 Qf5 39. Rc1 g5 40. Qd6 g4 41. hxg4 Qxg4 42. Qxd5+ Kh8 43. Qf3 Qg5 44. Rc5 Qg6 45. Qh5+ Qxh5 46. Rxh5+ Kg7 47. Rxh4 1-0

[Event "GrandPrix_29.05"]
[Site "Chess.com"]
[Date "2020.05.29"]
[Round "3"]
[White "friesnielsen2302"]
[Black "Winawer81"]
[Result "0-1"]
[WhiteElo "1496"]
[BlackElo "2083"]
[TimeControl "600+2"]
[EndTime "10:27:16 PDT"]
[Termination "Winawer81 won by resignation"]

1. d4 Nf6 2. e3 e6 3. Ne2 b6 4. c4 Bb7 5. Nbc3 d5 6. cxd5 exd5 7. Ng3 h5 8. Bb5+ c6 9. Bd3 h4 10. Nge2 h3 11. g3 Bd6 12. O-O Nbd7 13. Qc2 c5 14.
Qd1 c4 15. Bc2 a6 16. a4 Qe7 17. f3 g5 18. b3 g4 19. bxc4 gxf3 20. Rxf3 dxc4 21. e4 O-O-O 22. Bg5 Rh5 23. Qd2 Rg8 24.
Bf4 Bb4 25. Re3 Ng4 26. Rf3 Ndf6 27. d5 Ne5 28. Bxe5 Rxe5 29. Qf4 Rg6 30. Kh1 Bd6 31. Rd1 Kb8 32. Qe3 Bc5 33. Qd2 Ng4 34. Rdf1 f6 35.
Nd4 Rg8 36. Nc6+ Bxc6 37. dxc6 Rd8 38. Nd5 Qd6 39. Qf4 Rxd5 40. exd5 Ne5 41. Be4 Nxf3 42.
Qxf3 Bd4 43. Qf5 Be5 44. Qxh3 c3 45. Qg2 Qc5 46. Qe2 Ka7 47. Kg2 Rh8 48. h4 Rg8 49.
Rf4 Bxf4 50. g4 Qe3 51. Qxe3 Bxe3 52. d6 Bf4 53. d7 Bc7 54. Kf3 b5 55. axb5 axb5 56.
h5 b4 57. Bc2 Rh8 58. Ke4 Kb6 59. Kd5 Rg8 60. h6 Rxg4 61. h7 Rh4 62. Bb3 Rxh7 63. Ke6 Rh2 0-1

[Event "GrandPrix_29.05"]
[Site "Chess.com"]
[Date "2020.05.29"]
[Round "3"]
[White "bernereremit"]
[Black "komandoras123"]
[Result "0-1"]
[WhiteElo "2074"]
[BlackElo "2395"]
[TimeControl "600+2"]
[EndTime "10:27:17 PDT"]
[Termination "komandoras123 won by checkmate"]

1. e4 d6 2. d4 Nf6 3. Nc3 g6 4.
Bg5 c6 5. Qd2 Nbd7 6. f4 d5 7.
e5 Ne4 8. Nxe4 dxe4 9. e6 fxe6 10. O-O-O Bg7 11. Nh3 b5 12. Nf2 Nf6 13. Kb1 Qd5 14. g4 e3 15. Qxe3 Nxg4 16. Nxg4 Qxh1 17. Be2 Qd5 18. Bf3 Qd7 19. Ne5 Bxe5 20. dxe5 Qc7 21.
Qc5 Bb7 22. Bg4 h6 23. Bxe6 Rd8 24. Rf1 hxg5 25. fxg5 Qb6 26. Bf7+ Kd7 27. e6+ Kc8 28. Qxe7 Rxh2 29. a3 Rf2 30. Re1 Rxc2 31. Bxg6 Rxb2+ 32. Kxb2 Qf2+ 33. Kb3 Qxe1 34. Qf6 Qe3+ 35. Kb2 Rd2+ 36.
Bc2 Qd4+ 37. Kc1 Rxc2+ 38. Kxc2 Qe4+ 39. Kd2 c5 40. e7 Bc6 41. Qf8+ Kb7 42. Qd8 Qg2+ 43.
Kc3 Qg3+ 44. Kb2 Qe5+ 45. Kc1 Qe1+ 46. Kb2 Qe5+ 47. Kc1 Qxg5+ 48. Kb2 Qe5+ 49. Kc1 Qe3+ 50. Kb2 Qd4+ 51. Kc1 Qc3+ 52. Kd1 Bf3# 0-1

[Event "GrandPrix_29.05"]
[Site "Chess.com"]
[Date "2020.05.29"]
[Round "3"]
[White "TheJoker64"]
[Black "kirillshevchenko"]
[Result "1/2-1/2"]
[WhiteElo "2495"]
[BlackElo "2742"]
[TimeControl "600+2"]
[EndTime "10:27:26 PDT"]
[Termination "Game drawn by repetition"]

1. e4 c5 2. Nf3 d6 3. Nc3 Nf6 4. e5 dxe5 5. Nxe5 a6 6. a4 Nbd7 7. Nc4 b6 8. Be2 Bb7 9. Bf3 Bxf3 10. Qxf3 e6 11. g4 h6 12. d3 Ra7 13. Bf4 Qa8 14.
Qxa8+ Rxa8 15. f3 Rc8 16. Ne4 Rc6 17. Nxf6+ Nxf6 18. Ne5 Rc8 19. c4 a5 20. Ra3 Nd7 21.
Rb3 Nxe5 22. Bxe5 Rc6 23. Ke2 f6 24. Bg3 Bd6 25. Rd1 h5 26. Bxd6 Rxd6 27. h3 hxg4 28. hxg4 Rh2+ 29. Ke3 e5 30. Rd2 Rh3 31. Rc3 Rd4 32.
Rb3 Rd6 33. Rc3 Kd7 34. Rcc2 Ke6 35. Rh2 Rxh2 36. Rxh2 Rd8 37. b3 Kf7 38. Ke4 Kg6 39. Rh5 Kf7 40. Rh2 Kg8 41. Rh3 g6 42. Rh2 Kg7 43. Rh3 Rd7 44. Rh2 Rd4+ 45. Ke3 Rf4 46. Rh3 Rd4 47. Rh2 Rf4 48. Rh3 Rd4 49. Rh2 1/2-1/2